 Dungeon Crawl Stone Soup version 0.29-a0-613-gf2c431b9b9 (webtiles) character file.

Game seed: 13635843639275458608

419 freelancePsychic the Gusty (level 6, 0/47 HPs)
             Began as a Demonspawn Chaos Knight on June 17, 2022.
             Was an Initiate of Gozag.
             Slain by a nameless horror (4 damage)
             ... created by miscasting Summon Lightning Spire
             ... on level 4 of the Dungeon.
             The game lasted 00:09:51 (4439 turns).

freelancePsychic the Gusty (DsCK)                   Turns: 4439, Time: 00:09:53

Health: 0/47       AC:  5    Str:  9 (12) XL:     6   Next: 62%
Magic:  0/9        EV: 11    Int: 21      God:    Gozag
Gold:   242        SH:  0    Dex: 10 (11) Spells: 2/9 levels left

rFire   . . .      SeeInvis .   b - +1 dagger (venom)
rCold   . . .      Faith    .   (no shield)
rNeg    . . .      Spirit   .   e - +2 leather armour
rPois   +          Reflect  .   (helmet unavailable)
rElec   .          Harm     .   (no cloak)
rCorr   .          Rampage  .   (no gloves)
Will    .....      Rnd*Tele +   (no boots)
Stlth   +.........              (no amulet)
HPRegen 0.15/turn               m - +6 ring of intelligence
MPRegen 0.11/turn               (no ring)

@: unable to read
A: hooves 1, horns 3, iridescent scales 1, clumsy 1, deformed body,
deterioration 1, poison resistance, teleportitis 1, inability to read while
threatened, devolution 1
a: Renounce Religion, Potion Petition, Call Merchant, Bribe Branch


You were on level 4 of the Dungeon.
You worshipped Gozag.
Gozag was aware of your devotion.
You visited 2 branches of the dungeon, and saw 6 of its levels.

You collected 323 gold pieces.
You paid 81 gold pieces to Gozag.

Inventory:

Hand Weapons
 a - the +7 whip "Dragonbane" {flame, rF- Will++}
   (You found it on level 2 of the Dungeon)

   It burns those it strikes, dealing additional fire damage.
   rF:        It makes you vulnerable to fire.
   Will:      It greatly increases your willpower.
 b - a +1 dagger of venom (weapon)
 l - a +1 mace of chaos
Armour
 e - a +2 leather armour (worn)
Jewellery
 m - a +6 ring of intelligence (left hand)
Wands
 f - a wand of flame (4)
Scrolls
 k - a scroll of noise
 o - a scroll of enchant weapon
Potions
 i - a potion of brilliance
Miscellaneous
 c - a piece from Xom's chessboard (14/15) (quivered)


   Skills:
 - Level 3.1 Fighting
 - Level 2.8 Maces & Flails
 - Level 2.0 Armour
 - Level 1.1 Dodging
 + Level 2.3 Spellcasting
 - Level 2.6 Conjurations
 + Level 0.1 Summonings
 * Level 3.6 Air Magic
 - Level 2.5 Poison Magic


You had 2 spell levels left.
You knew the following spells:

 Your Spells              Type           Power      Damage    Failure   Level
a - Mephitic Cloud        Conj/Pois/Air  14%        N/A       17%         3
b - Summon Lightning Spi  Summ/Air       10%        N/A       65%         4

Your spell library contained the following spells:

 Spells                   Type           Power      Damage    Failure   Level
 Stone Arrow              Conj/Erth      14%        3d7       34%         3
 Animate Armour           Summ/Erth      4%         N/A       88%         4
 Metabolic Englaciation   Hex/Ice        1%         N/A       99%         5
 Storm Form               Tmut/Air       5%         N/A       100%        7
 Lehudib's Crystal Spear  Conj/Erth      3%         10d3      100%        8
 Maxwell's Capacitive Co  Air            8%         ∞         100%        8


Dungeon Overview and Level Annotations

Branches:
Dungeon (5/15)             Temple (1/1) D:4

Altars:
Ashenzari
Cheibriados
Dithmenos
Elyvilon
Fedhas
Gozag
Hepliaklqana
Makhleb
Nemelex Xobeh
Qazlal
Ru
Sif Muna
Trog
Uskayaw
Vehumet
Xom
Yredelemnul
The Shining One

Annotations:
D:4 Edmund, Robin
D:5 Menkaure


Innate Abilities, Weirdness & Mutations

You have large cloven feet.
You have a pair of large horns on your head.
You are partially covered in iridescent scales. (AC +2)
You are clumsy. (Dex -2)
Armour fits poorly on your strangely shaped body.
Your body sometimes deteriorates upon taking damage.
Your system is resistant to poisons. (rPois)
You are occasionally teleported next to monsters.
You sometimes lose the ability to read scrolls when taking damage.
You have hidden genetic defects.


Message History

The nameless horror barely misses you.
You can read scrolls again.
You barely miss the nameless horror. You kick the nameless horror.
The nameless horror is lightly damaged.
The nameless horror barely misses you.
Your magical contamination has completely faded away.
Okay, then.
Okay, then.
You make a move on Xom's chessboard...
The nameless horror is unaffected.
The nameless horror hits you.
You feel your power leaking away.
The nameless horror attacks as you move away!
The nameless horror barely misses you.
The nameless horror attacks as you move away!
The nameless horror hits you!
* * * LOW HITPOINT WARNING * * *
You hit the nameless horror.
You kick the nameless horror, but do no damage.
The nameless horror is lightly damaged.
The nameless horror misses you.
You hit the nameless horror but do no damage.
You kick the nameless horror, but do no damage.
You headbutt the nameless horror.
The nameless horror is lightly damaged.
Edmund clears his throat.
The nameless horror misses you.
You hit the nameless horror but do no damage.
The nameless horror is lightly damaged.
The nameless horror hits you!
You feel threatened and lose the ability to read scrolls!
* * * LOW HITPOINT WARNING * * *
Your body deteriorates!
You feel clumsy.
You feel your power leaking away.
You hit the nameless horror. You kick the nameless horror.
You headbutt the nameless horror.
The nameless horror is moderately damaged.
The nameless horror hits you.
You die...
Your body crumbles into a pile of gold.

###...._# #.# #<#######.###...#
###..### #.###)# #.# #.###
#.....8# #.....# #[# #.# #
###..### #####.##### #.# #.###
#_....# #.....# #.# #....
###..##### #.###.# #.# #..##
#......#.## #.# #.###.###..#
###..###..######.###..........##
#....##.....@X@.........####...
#8..8##..#########......)....##
##......## #.#####......#
#...#.## #.# #.###... ###.###
#.# #)####.# #@# #.# #.#.#...
#.# #.# #.....>[ #.## #.#
#..P#..) #####..####### #.
######.#


You could see a nameless horror and Edmund.

Vanquished Creatures
  Duvessa (D:4)
  A phantom (D:4)
  Dowan (D:4)
  A howler monkey (D:4)
  An iguana (D:3)
  An orc wizard (D:4)
  2 adders
  3 worms
  A dart slug (D:2)
  4 orcs
  7 bats
  11 endoplasms
  2 giant cockroaches
  13 goblins
  6 hobgoblins
  3 jackals (D:3)
  5 kobolds
  2 quokkas
  2 ball pythons (D:1)
  A frilled lizard (D:1)
  4 rats
72 creatures vanquished.

Vanquished Creatures (others)
  3 plants (D:4)
3 creatures vanquished.

Grand Total: 75 creatures vanquished

Notes
Turn   | Place    | Note
-------+----------+-------------------------------------------
     0 | D:1      | freelancePsychic the Demonspawn Chaos Knight began the
                  | quest for the Orb.
     0 | D:1      | Reached XP level 1. HP: 18/18 MP: 1/1
     0 | D:1      | Fell from the grace of Xom
    37 | D:1      | Got the Papyrus of Cankerous Cold
   138 | D:1      | Reached skill level 1 in Dodging
   335 | D:1      | XOM: summons 1 hostile shadow creature
   352 | D:1      | Discovered your monstrous ancestry.
   352 | D:1      | Gained mutation: You have large cloven feet. [demonic
                  | ancestry]
   352 | D:1      | Reached XP level 2. HP: 21/24 MP: 2/2
   772 | D:1      | XOM: give mutations
   772 | D:1      | Gained mutation: You are robust. (+10% HP) [Xom's grace]
   772 | D:1      | Gained mutation: Your system is resistant to poisons.
                  | (rPois) [Xom's grace]
  1244 | D:2      | XOM: 5-stop teleportation journey
  1299 | D:2      | XOM: noise
  1417 | D:2      | Reached XP level 3. HP: 28/31 MP: 3/3
  1501 | D:2      | Reached skill level 1 in Air Magic
  1535 | D:2      | Found a faded altar of an unknown god.
  1786 | D:2      | Reached skill level 1 in Conjurations
  1993 | D:2      | Reached skill level 1 in Poison Magic
  2133 | D:2      | XOM: noise
  2218 | D:2      | XOM: give mutations
  2218 | D:2      | Lost mutation: You are robust. (+10% HP) [Xom's mischief]
  2218 | D:2      | Gained mutation: Armour fits poorly on your strangely
                  | shaped body. [Xom's mischief]
  2305 | D:2      | Identified the +7 whip "Dragonbane" {flame, rF- Will++}
  2387 | D:2      | XOM: give mutations
  2387 | D:2      | Gained mutation: You are dopey. (Int -2) [Xom's mischief]
  2387 | D:2      | Gained mutation: Your body sometimes deteriorates upon
                  | taking damage. [Xom's mischief]
  2387 | D:2      | Gained mutation: You sometimes lose the ability to read
                  | scrolls when taking damage. [Xom's mischief]
  2500 | D:3      | Reached skill level 1 in Spellcasting
  2537 | D:3      | Gained mutation: You have a pair of small horns on your
                  | head. [demonic ancestry]
  2537 | D:3      | Reached XP level 4. HP: 35/35 MP: 5/5
  2542 | D:3      | Learned a level 3 spell: Mephitic Cloud
  2562 | D:3      | Found a blossoming altar of Fedhas.
  3048 | D:3      | XOM: give mutations
  3048 | D:3      | Lost mutation: Armour fits poorly on your strangely shaped
                  | body. [Xom's mischief]
  3048 | D:3      | Gained mutation: You are strong-willed. (Will+) [Xom's
                  | mischief]
  3048 | D:3      | Gained mutation: You are clumsy. (Dex -2) [Xom's mischief]
  3190 | D:4      | Gained mutation: You have a pair of horns on your head.
                  | [demonic ancestry]
  3190 | D:4      | Reached XP level 5. HP: 37/41 MP: 7/7
  3278 | D:4      | Found a staircase to the Ecumenical Temple.
  3288 | D:4      | Noticed Duvessa
  3296 | Temple   | Entered the Ecumenical Temple
  3332 | Temple   | Became a worshipper of Gozag Ym Sagoz the Greedy
  3654 | D:4      | Noticed Dowan
  3763 | Temple   | Lost mutation: You are dopey. (Int -2) [potion of mutation]
  3763 | Temple   | Lost mutation: You are strong-willed. (Will+) [potion of
                  | mutation]
  3763 | Temple   | Gained mutation: Armour fits poorly on your strangely
                  | shaped body. [potion of mutation]
  3763 | Temple   | Gained mutation: You are partially covered in iridescent
                  | scales. (AC +2) [potion of mutation]
  3763 | Temple   | Gained mutation: You are occasionally teleported next to
                  | monsters. [potion of mutation]
  3792 | D:4      | Killed Duvessa
  3793 | D:4      | Gained mutation: You have a pair of large horns on your
                  | head. [demonic ancestry]
  3793 | D:4      | Reached XP level 6. HP: 22/47 MP: 7/9
  3803 | D:4      | Killed Dowan
  4010 | D:4      | Learned a level 4 spell: Summon Lightning Spire
  4053 | D:4      | XOM: give mutations
  4053 | D:4      | Gained mutation: Your magical capacity is low. (-10% MP)
                  | [Xom's mischief]
  4053 | D:4      | Lost mutation: Your magical capacity is low. (-10% MP)
                  | [Xom's mischief]
  4053 | D:4      | Gained mutation: You have hidden genetic defects. [Xom's
                  | mischief]
  4199 | D:4      | Found a sparkling altar of Nemelex Xobeh.
  4199 | D:4      | Found a shimmering blue altar of Sif Muna.
  4199 | D:4      | Found a hide-covered altar of Uskayaw.
  4199 | D:4      | Found a hazy altar of Hepliaklqana.
  4205 | D:4      | Found a radiant altar of Vehumet.
  4244 | D:4      | Noticed Robin
  4340 | D:4      | Noticed Edmund
  4367 | D:5      | Entered Level 5 of the Dungeon
  4375 | D:5      | Noticed Menkaure
  4375 | D:5      | Noticed a water moccasin
  4416 | D:4      | Noticed a nameless horror
  4439 | D:4      | Slain by a nameless horror

Illustrated notes

Levels and vault maps discovered:
D:1:      wheals_arrival_linesprint, layout_loops_ring
D:2:      layout_basic, dreamdust_ecumenical_altar_statues
D:3:      layout_basic, fedhas_ov_isle_minmay
D:4:      layout_loops_ring, minitemple, gammafunk_temple_overflow_statue,
          minmay_temple_entry_gardened_gates, uniq_edmund, uniq_duvessa,
          uniq_robin
D:5:      layout_basic, enter_ossuary_3, uniq_menkaure
Temple:   minmay_temple_bridge_abc

Skill      XL: |  1  2  3  4  5 |
---------------+----------------+-----
Dodging        | 1 |  1.1
Armour         | 2 |  2.0
Air Magic      | 1 2 3 |  3.6
Conjurations   | 1 2 |  2.6
Poison Magic   | 1 2 |  2.5
Spellcasting   | 1 2 |  2.3
Fighting       | |  3.1
Maces & Flails | |  2.8
Summonings     | |  0.1

Action                   |  1- 3 |  4- 6 || total
-------------------------+-------+-------++-------
Melee: Mace              |    95 |       ||    95
       Kick              |    22 |    19 ||    41
       Whip              |    14 |    74 ||    88
       Punch             |     1 |       ||     1
       Headbutt          |       |    17 ||    17
       Dagger            |       |    15 ||    15
 Cast: Mephitic Cloud    |       |     2 ||     2
Invok: Renounce Religion |     1 |       ||     1
Evoke: Wand              |       |     3 ||     3
       Piece from Xom's  |       |     1 ||     1
  Use: Scroll            |     2 |     6 ||     8
       Potion            |       |     7 ||     7
 Stab: Petrifying        |     1 |       ||     1
Armor: Leather armour    |    37 |    21 ||    58
Dodge: Dodged            |    48 |    47 ||    95

Table legend: (Time is in decaauts)
 A = Elapsed time spent in this place.
 B = Non-inter-level travel time spent in this place.
 C = Inter-level travel time spent in this place.
 D = Time resting spent in this place.
 E = Time spent auto-exploring this place.
 F = Levels seen in this place.
 G = Mean time per level.
                   A        B        C        D        E       F      G
               +--------+--------+--------+--------+--------+-----+--------+
         Total |   4470 |   4325 |    145 |    438 |   3093 |   6 |  745.0 |
       Dungeon |   4014 |   3891 |    123 |     58 |   3083 |   5 |  802.8 |
        Temple |    456 |    434 |     22 |    380 |     10 |   1 |  456.0 |
               +--------+--------+--------+--------+--------+-----+--------+

Top non-repeatable levels by time:
     D:2: 1293 daAuts
     D:1: 1203 daAuts
     D:4: 844 daAuts
     D:3: 661 daAuts
  Temple: 456 daAuts
     D:5: 11 daAuts
